 Dungeon Crawl Stone Soup version 0.28-a0-628-g3c9886e45e (webtiles) character file.

Game seed: 10823000191888584902

1976177 Berder the Acrobat (level 27, 213/213 HPs)
             Began as a Djinni Enchanter on Oct 7, 2021.
             Was the Champion of Makhleb.
             Escaped with the Orb
             ... and 3 runes on Oct 8, 2021!
             The game lasted 02:57:19 (49064 turns).

Berder the Acrobat (Djinni Enchanter)              Turns: 49064, Time: 02:57:19

Health: 213/213    AC: 15    Str:  5    XL:     27
Gold:   1320       EV: 31    Int: 31    God:    Makhleb [******] SH: 20 Dex: 23

rFire   + + +      SeeInvis +   c - staff of cold
rCold   + . .      Faith    .   f - +5 kite shield of Fortitude {Will+}
rNeg    + . .      Spirit   .   k - +4 Cigotuvi's embrace {rMiasma Drain rN+}
rPois   ∞          Reflect  .   T - +2 helmet {SInv}
rElec   +          Harm     .   U - +0 cloak of the Trombone {rPois rF++ rCorr MP-9}
rCorr   +          Rampage  .   F - +2 pair of gloves {Dex+3}
Will    +++..      Rage     1%  (boots unavailable)
Stlth   ++........              C - amulet of regeneration
HPRegen 1.45/turn               R - +6 ring of intelligence
MPRegen 0.00/turn               O - ring of Winter {rElec rC+ Int-2 Dex+3}

@: flying, studying Stealth
A: sickness immunity, fire resistance 2, cold vulnerability 1, float, innate
caster, hp casting, extra vitality 1, berserk 1, deformed body, deterioration 2,
weak 1, inability to read while threatened
0: Orb of Zot
}: 3/15 runes: decaying, serpentine, silver
a: Renounce Religion, Minor Destruction, Lesser Servant of Makhleb, Major
Destruction, Greater Servant of Makhleb


You escaped.
You worshipped Makhleb.
Makhleb was exalted by your worship.
You visited 10 branches of the dungeon, and saw 49 of its levels.
You also visited: Trove, Gauntlet and Ice Cave.

You collected 7649 gold pieces.
You spent 6329 gold pieces at shops.

Inventory:

Hand Weapons
 a - the +10 long sword "Waoptock" {venom, Dex+3}
   (You found it on level 11 of the Dungeon)

   It poisons the flesh of those it strikes.
   Dex:       It affects your dexterity (+3).
Armour
 f - the +5 kite shield of Fortitude (worn) {Will+}
   (You bought it in a shop on level 3 of the Depths)

   Will:      It increases your willpower.
 k - the +4 Cigotuvi's embrace (worn) {rMiasma Drain rN+}
   (You bought it in a shop on level 3 of the Depths)

   It gathers nearby corpses to temporarily increase the armour it provides.
   It protects you from foul pestilence.
   rN:        It protects you from negative energy.
   Drain:     It drains your maximum health when unequipped.
 F - a +2 pair of gloves of dexterity (worn)
 T - a +2 helmet of see invisible (worn)
 U - the +0 cloak of the Trombone (worn) {rPois rF++ rCorr MP-9}
   (You found it in a Gauntlet)

   rF:        It greatly protects you from fire.
   rPois:     It protects you from poison.
   MP:        It affects your magic capacity (-9).
   rCorr:     It protects you from acid and corrosion.
Magical Staves
 c - a staff of cold (weapon)
 e - a staff of earth
 L - a staff of fire
Jewellery
 l - an amulet of reflection
 v - a ring of protection from fire
 y - an amulet of the acrobat
 C - an amulet of regeneration (around neck)
 H - the ring of the First Places {Dex+5 SInv}
   (You took it off an ironbound preserver on level 5 of the Vaults)

   [ring of see invisible]

   Dex:       It affects your dexterity (+5).
   SInv:      It lets you see invisible.
 I - a +6 ring of dexterity
 O - the ring of Winter (right hand) {rElec rC+ Int-2 Dex+3}
   (You found it in an ice cave)

   [ring of protection from cold]

   Int:       It affects your intelligence (-2).
   Dex:       It affects your dexterity (+3).
   rC:        It protects you from cold.
   rElec:     It insulates you from electricity.
 R - a +6 ring of intelligence (left hand)
 V - the ring "Joqan" {rPois Will+ Dex+6 SInv}
   (You bought it in a shop on level 4 of the Depths)

   [ring of dexterity]

   Dex:       It affects your dexterity (+6).
   rPois:     It protects you from poison.
   SInv:      It lets you see invisible.
   Will:      It increases your willpower.
 Y - a ring of resist corrosion
Wands
 i - a wand of paralysis (70)
 z - a wand of mindburst (10)
 B - a wand of charming (13)
 K - a wand of digging (15)
 M - a wand of iceblast (21)
 W - a wand of acid (24)
Scrolls
 g - 3 scrolls of summoning
 n - 15 scrolls of teleportation
 q - 6 scrolls of fear
 s - 6 scrolls of enchant armour
 t - 8 scrolls of fog
 w - a scroll of blinking
 A - 11 scrolls of vulnerability
 E - 15 scrolls of identify
 G - 2 scrolls of magic mapping
 J - 2 scrolls of silence
 N - 7 scrolls of immolation
Potions
 d - 5 potions of resistance
 h - 16 potions of curing
 j - 9 potions of brilliance
 m - 11 potions of haste
 o - 6 potions of mutation
 r - 8 potions of berserk rage
 u - 9 potions of heal wounds
 x - 6 potions of might
 D - 4 potions of invisibility
 P - 7 potions of ambrosia
 X - 3 potions of cancellation
Miscellaneous
 Q - a condenser vane
 S - a box of beasts
 Z - a lightning rod (4/4)


   Skills:
 - Level 22.6 Fighting
 - Level 4.5 Short Blades
 - Level 12.0 Armour
 - Level 25.2 Dodging
 - Level 8.0 Stealth
 - Level 15.0 Shields
 + Level 23.1 Spellcasting
 - Level 5.0 Evocations


You couldn't memorise any spells.
You knew the following spells:

 Your Spells              Type           Power      Damage    Failure   Level
a - Iron Shot             Conj/Erth      54%        9d10      0%          6
b - Confusing Touch       Hex            100%       N/A       0%          3
c - Dragon's Call         Summ           54%        N/A       10%         9
d - Manifold Assault      Tloc           100%       N/A       0%          5
e - Ozocubu's Refrigerat  Ice            66%        4d18      1%          7
f - Slow                  Hex            100%       N/A       0%          2
g - Lesser Beckoning      Tloc           100%       N/A       0%          3
h - Animate Dead          Necr           54%        N/A       0%          4
i - Tukima's Dance        Hex            100%       N/A       0%          3
j - Dazzling Flash        Conj/Hex       100%       N/A       0%          3
k - Ensorcelled Hibernat  Hex/Ice        100%       N/A       0%          2
l - Beastly Appendage     Tmut           100%       N/A       0%          1
m - Haunt                 Necr/Summ      54%        N/A       1%          7
n - Monstrous Menagerie   Summ           54%        N/A       1%          7
o - Disjunction           Tloc           54%        N/A       1%          8
p - Borgnjor's Revivific  Necr           54%        N/A       1%          8
q - Animate Armour        Summ/Erth      100%       N/A       0%          4
Your spell library was empty.

Dungeon Overview and Level Annotations

Branches:
Dungeon (15/15)            Temple (1/1) D:7            Lair (6/6) D:10
  Swamp (4/4) Lair:2        Snake (4/4) Lair:2        Slime (0/5) Lair:5
    Orc (2/2) D:11            Elf (3/3) Orc:2        Vaults (5/5) D:14
  Crypt (0/3) Vaults:3     Depths (4/4) D:15            Zot (5/5) Depths:4
  IceCv (visited)         Gauntlet (visited)

Altars:
Ashenzari
Cheibriados
Dithmenos
Elyvilon
Fedhas
Gozag
Hepliaklqana
Kikubaaqudgha
Makhleb
Nemelex Xobeh
Okawaru
Qazlal
Ru
Sif Muna
Trog
Uskayaw
Vehumet
Wu Jian
Xom
Yredelemnul
Zin
The Shining One
Beogh
Jiyva

Shops:
Orc:2 :((([   Elf:1 [**   Elf:2 [((   Snake:1 *[[?(:   Vaults:1 !   Vaults:2 *
Vaults:3 *   Depths:3 =!*[   Depths:4 *:==

Portals:
Hell: Depths:2 Depths:3 Depths:4
Abyss: Depths:2 Depths:3 Depths:4
Pandemonium: Depths:2
Ziggurat: Depths:4

Annotations:
Lair:1 1 runed translucent door, crescentfresh's ghost, journeyman OgWz
Lair:2 3 runed translucent doors, CowFu's ghost, journeyman OgBe
Lair:4 1 runed translucent door, Luuqe's ghost, journeyman MfGl
Lair:6 2 transporters, Tiah's ghost, journeyman TrMo
Snake:2 1 runed translucent door, Rennog's ghost, adept DrFi


Innate Abilities, Weirdness & Mutations

You are immune to sickness and miasma.
You are immune to poison.
Your flesh is very heat resistant. (rF++)
You are vulnerable to cold. (rC-)
You float through the air rather than walking.
You learn spells naturally, not from books.
Your magical power is your life essence.
You have superior vitality. (+4 HP)
You tend to lose your temper in combat.
Armour fits poorly on your strangely shaped body.
Your body often deteriorates upon taking damage.
You are weak. (Str -2)
You sometimes lose the ability to read scrolls when taking damage.


Message History

There is a stone staircase leading down here.
An Orb Guardian comes into view.
Casting: Iron Shot (safe; 0% risk of failure)
Confirm with . or Enter, or press ? or * to list all spells.
You can't see any susceptible monsters within range! (Use Z to cast anyway.)
Casting: Iron Shot (safe; 0% risk of failure)
Confirm with . or Enter, or press ? or * to list all spells.
You can't see any susceptible monsters within range! (Use Z to cast anyway.)
You see here a scroll of amnesia.
Casting: Iron Shot (safe; 0% risk of failure)
Confirm with . or Enter, or press ? or * to list all spells.
Aiming: Iron Shot (safe; 0% risk of failure)
Press: ? - help, Shift-Dir - straight line, f - Orb Guardian
Aim: an Orb Guardian (71% to hit)
The iron shot hits the Orb Guardian!!!
The Orb Guardian is severely wounded.
Casting: Iron Shot (safe; 0% risk of failure)
Confirm with . or Enter, or press ? or * to list all spells.
Aiming: Iron Shot (safe; 0% risk of failure)
Press: ? - help, Shift-Dir - straight line, f/p - Orb Guardian
Aim: an Orb Guardian (severely wounded, 71% to hit)
The iron shot hits the Orb Guardian!!
The Orb Guardian is almost dead.
A chunk of your corpse armour falls away.
You block the Orb Guardian's attack.
Casting: Iron Shot (safe; 0% risk of failure)
Confirm with . or Enter, or press ? or * to list all spells.
Aiming: Iron Shot (safe; 0% risk of failure)
Press: ? - help, Shift-Dir - straight line, f/p - Orb Guardian
Aim: an Orb Guardian (almost dead, 71% to hit)
The iron shot hits the Orb Guardian!!!
You kill the Orb Guardian!
Makhleb accepts your kill.
HP restored.
Your corpse armour falls away.
There is a stone staircase leading up here.
You fly upwards.
There is a stone staircase leading down here.
There is a staircase leading out of the dungeon here.
You have escaped!

###...........## ##..............
#...[..###############......#..
######...#≈≈#.......#≈≈#.........
.........#≈#.........#≈#...#.####
.........##...........##..##.#
.........#.............#..##.####
........##.............##..).....
#####..#.#.............#.#.......
#..#.).......@.........#..#...
##..#.#.............#.#...#...
##..##............(##........
##..#.............#.........
######..##...........##....##...
#.......#≈#.........#≈#....##...
#.......#≈≈#.......#≈≈#....#####
#.......###############....#
#............## ##........##


There were no monsters in sight!

Vanquished Creatures
  4 dread liches
  5 orbs of fire
  3 ancient liches
  Mara (Elf:3)
  A juggernaut (Depths:3)
  4 Killer Klowns (Zot:5)
  Bai Suzhen (Swamp:3)
  2 curse toes (Zot:4)
  7 golden dragons
  A bone dragon (Depths:4)
  A Brimstone Fiend (Depths:3)
  2 electric golems
  An Ice Fiend (Depths:3)
  Mlioglotl (Swamp:3)
  Jorgrun (Swamp:2)
  A walking crystal tome (Depths:4)
  8 tentacled monstrosities
  A Hell Sentinel (Depths:3)
  2 liches (Vaults:5)
  3 deep elf blademasters
  20 Orb Guardians
  Asterion (Elf:1)
  5 titans
  The ghost of Lolleill the Bludgeoner, an adept DgTm (Vaults:1)
  3 sphinxes
  2 deep elf master archers (Elf:3)
  3 quicksilver dragons
  3 thorn hunters
  7 shadow dragons
  2 death cobs
  6 tengu reavers
  Roxanne (Snake:3)
  6 storm dragons
  An azure jelly (IceCv)
  A draconian monk (Zot:4)
  A fenstrider witch (Swamp:3)
  4 draconian scorchers
  3 daevas (Depths:2)
  11 fire giants
  5 frost giants
  An iron dragon (Vaults:5)
  A nagaraja (Snake:4)
  5 draconian knights
  6 deep elf sorcerers (Elf:3)
  13 vault wardens
  4 deep elf elementalists
  3 ghouls (Swamp:2)
  4 angels (Depths:2)
  A ghost moth (Zot:5)
  Aizul (Snake:3)
  3 orc warlords
  3 balrugs (Depths:3)
  A draconian shifter (Zot:5)
  16 very ugly things
  2 draconian stormcallers
  28 ironbound preservers
  14 stone giants
  3 black draconians
  5 war gargoyles
  7 deep elf demonologists
  2 vampire knights
  Azrael (Snake:3)
  3 green draconians
  A lorocyproca (D:4)
  2 entropy weavers
  3 bunyips
  11 deep elf annihilators
  4 dire elephants (Vaults:4)
  A minotaur (Gauntlet)
  2 white draconians
  3 red draconians
  A purple draconian (Zot:1)
  14 spark wasps
  9 ettins
  3 yellow draconians
  2 crystal guardians
  6 blizzard demons
  11 deep elf death magi
  2 eleionomae (Swamp:3)
  A shambling mangrove (Swamp:4)
  A green death (Depths:3)
  5 fire dragons
  Josephine (Lair:4)
  4 great orbs of eyes
  4 deep elf high priests
  3 rakshasas
  11 ironbound thunderhulks
  17 yaktaur captains
  A hell beast (D:8)
  22 naga warriors
  4 salamander tyrants
  37 vault guards
  30 hydras
  4 ice dragons
  8 ironbound frosthearts
  2 spriggan air magi
  A nameless horror (Zot:5)
  6 ogre magi
  5 peacekeepers
  A ghost crab (Swamp:2)
  7 centaur warriors
  2 death knights
  15 anacondas
  15 two-headed ogres
  A boulder beetle (Vaults:2)
  12 alligators
  27 dancing weapons
  12 deep troll shamans
  6 deep troll earth magi
  2 spriggan berserkers (Depths:2)
  4 hell hogs (D:7)
  2 vampire magi
  15 naga sharpshooters
  The ghost of Dittersdorf the Fighter, a novice GrFi of Okawaru (D:11)
  3 tengu warriors
  14 shock serpents
  Nergalle (Orc:1)
  19 deep elf knights
  Urug (D:12)
  A soul eater (Depths:2)
  17 hell knights
  9 iron trolls
  6 cherubim (Depths:2)
  3 glowing orange brains
  7 skeletal warriors
  11 swamp dragons
  A goliath frog (Swamp:3)
  4 sea snakes (Snake:4)
  6 spriggan druids
  A glowing orange brain (shapeshifter) (Depths:2)
  7 salamander mystics
  A deep troll (shapeshifter) (Elf:1)
  A flayed ghost (Depths:1)
  11 ironbound convokers
  8 bog bodies
  77 deep trolls
  A harpy (shapeshifter) (D:14)
  6 phantasmal warriors
  11 deep elf archers
  An orange crystal statue (Elf:1)
  4 naga ritualists
  4 harpies (Vaults:3)
  5 orc knights
  31 deep elf pyromancers
  8 large abominations (Depths:3)
  9 mana vipers
  10 necromancers
  11 lindwurms
  8 wizards
  31 deep elf zephyrmancers
  2 wolf spiders
  17 ugly things
  3 oklob plants (Lair:3)
  A manticore (D:15)
  4 will-o-the-wisps
  5 cyclopes
  2 orc sorcerers
  26 salamanders
  4 elephants (Lair:6)
  7 moths of wrath
  20 vault sentinels
  21 black mambas
  4 ice statues
  21 naga magi
  A torpor snail (Lair:6)
  3 gargoyles
  11 guardian serpents
  11 cane toads
  An orange demon (Depths:2)
  An eye of devastation (Depths:4)
  4 rime drakes
  5 unseen horrors
  8 komodo dragons
  2 efreet
  3 entropy weaver simulacra (IceCv)
  34 yaktaurs
  7 freezing wraiths
  2 kobold demonologists (D:14)
  A hellion (Depths:3)
  Psyche (D:12)
  A tormentor (Zot:4)
  4 tengu conjurers
  A harpy zombie (D:15)
  2 hellwings (Depths:2)
  An ice devil (Gauntlet)
  4 meliai
  A queen bee (Lair:3)
  20 hornets
  6 tyrant leeches
  16 trolls
  A troll (shapeshifter) (Elf:2)
  3 polar bears (Lair:6)
  6 bloated husks
  A wolf spider simulacrum (D:14)
  12 blink frogs
  A slime creature (shapeshifter) (Vaults:5)
  8 dream sheep (Lair:6)
  44 slime creatures
  A centaur simulacrum (D:15)
  A meliai zombie (D:15)
  33 spriggans
  2 air elementals
  9 water elementals
  Sigmund (D:2)
  6 redbacks
  27 yaks
  A shadow (D:11)
  A tarantella (Vaults:2)
  A tarantella (shapeshifter) (D:13)
  7 wyverns
  7 wraiths
  4 fire elementals
  Eustachio (D:6)
  2 steam dragons
  9 basilisks
  A chaos spawn (Depths:3)
  Menkaure (D:7)
  14 vampire mosquitoes
  3 wargs
  3 demonic crawler simulacra (IceCv)
  58 nagas
  2 acid dragons
  3 hell hounds (Snake:3)
  16 swamp worms
  13 water moccasins
  2 floating eyes
  6 swamp drakes
  A black bear (shapeshifter) (Vaults:5)
  17 orc warriors
  2 ugly thing simulacra (IceCv)
  6 black bears
  23 ogres
  4 boggarts
  45 wolves
  7 centaurs
  A kobold brigand (D:10)
  2 phantoms (D:3)
  A gnoll sergeant (D:7)
  9 bullfrogs
  6 scorpions
  An earth elemental (Elf:3)
  25 killer bees (Lair:3)
  An electric eel (Lair:2)
  A howler monkey (D:5)
  2 crimson imps (Depths:3)
  4 centaur zombies
  A jelly (shapeshifter) (Vaults:5)
  2 hounds
  3 small abominations (Depths:3)
  Crazy Yiuf (D:5)
  3 gnoll shamans
  A jelly (D:7)
  15 orc priests
  3 bullfrog skeletons (D:6)
  Jessica (D:2)
  5 iguanas
  28 orc wizards
  Ijyb (D:3)
  7 hell rats (Lair:2)
  A killer bee zombie (D:4)
  Robin (D:2)
  19 gnolls
  A howler monkey skeleton (D:3)
  7 adders
  18 white imps
  An ufetubus (D:6)
  A worm (shapeshifter) (Vaults:1)
  An adder skeleton (D:4)
  4 dart slugs
  70 orcs
  10 ball pythons
  2 endoplasms
  6 giant cockroaches
  13 goblins
  14 hobgoblins
  5 jackals
  10 kobolds
  4 quokkas
  11 bats
  6 frilled lizards
  A quokka skeleton (D:4)
  4 rats
  17 briar patches
2031 creatures vanquished.

Vanquished Creatures (collateral kills)
  6 orbs of fire (Zot:5)
  2 golden dragons (Zot:5)
  An electric golem (Zot:5)
  9 Orb Guardians (Zot:5)
  An azure jelly (IceCv)
  A ghost moth (Zot:5)
  A draconian shifter (Zot:5)
  A draconian annihilator (Zot:5)
  2 black draconians (Zot:5)
  Snorg (Lair:4)
  5 hydras
  2 skeletal warriors (D:11)
  An ugly thing (D:14)
  An elephant (Lair:6)
  2 moths of wrath (Zot:5)
  A cane toad (Lair:1)
  A polar bear (Lair:6)
  A blink frog (Lair:1)
  A hornet (Lair:6)
  A redback (Gauntlet)
  2 spriggans (Lair:6)
  A yak (D:12)
  3 basilisks
  A water moccasin (Lair:1)
  An orc warrior (Orc:1)
  A black bear (Lair:6)
  4 ugly thing simulacra (IceCv)
  A boggart (Lair:6)
  8 wolves
  An orc (Orc:1)
64 creatures vanquished.

Vanquished Creatures (others)
  2 dancing weapons
  An orc (D:12)
  An endoplasm (shapeshifter) (Vaults:5)
  A demonic plant (Gauntlet)
  2 foxfires (Swamp:3)
  40 fungi
  102 plants
  14 toadstools (Lair:3)
  2 withered plants (Lair:1)
165 creatures vanquished.

Grand Total: 2260 creatures vanquished

Notes
Turn   | Place    | Note
-------+----------+-------------------------------------------
     0 | D:1      | Berder the Djinni Enchanter began the quest for the Orb.
     0 | D:1      | Reached XP level 1. HP: 15/15 MP: 0/0
    69 | D:1      | Reached skill level 1 in Short Blades
   103 | D:1      | You are sucked into a shaft and drop 1 floor!
   103 | D:2      | Noticed Jessica
   106 | D:2      | Killed Jessica
   107 | D:2      | Reached skill level 1 in Fighting
   107 | D:2      | Reached XP level 2. HP: 23/23 MP: 0/0
   107 | D:2      | Reached XP level 3. HP: 28/28 MP: 0/0
   107 | D:2      | Learned a level 1 spell: Beastly Appendage
   138 | D:2      | Noticed an ogre
   212 | D:2      | Noticed Robin
   332 | D:1      | Found a faded altar of an unknown god.
   384 | D:1      | Reached XP level 4. HP: 33/33 MP: 0/0
   393 | D:1      | Reached skill level 1 in Shields
  1032 | D:2      | Killed Robin
  1033 | D:2      | Reached XP level 5. HP: 29/38 MP: 0/0
  1033 | D:2      | Learned a level 2 spell: Slow
  1350 | D:2      | Noticed Sigmund
  1492 | D:3      | Noticed Ijyb
  1504 | D:3      | Paralysed by Ijyb for 2 turns
  1510 | D:3      | Killed Ijyb
  2290 | D:3      | Found a sparkling altar of Nemelex Xobeh.
  2411 | D:4      | Reached XP level 6. HP: 42/43 MP: 0/0
  2871 | D:4      | Reached XP level 7. HP: 49/49 MP: 0/0
  2871 | D:4      | Learned a level 3 spell: Lesser Beckoning
  3123 | D:4      | Found a hide-covered altar of Uskayaw.
  3322 | D:5      | Entered Level 5 of the Dungeon
  3753 | D:5      | Noticed a water moccasin
  3882 | D:5      | Found a sacrificial altar of Ru.
  4036 | D:5      | Found a runed translucent door.
  4037 | D:5      | Noticed Crazy Yiuf
  4392 | D:6      | Reached XP level 8. HP: 49/56 MP: 0/0
  4677 | D:6      | Noticed Eustachio
  4960 | D:7      | Noticed Menkaure
  5146 | D:7      | Identified the +9 whip "Qiogud" {spect, rElec rN+ Dex+2}
  5272 | D:7      | Reached XP level 9. HP: 64/64 MP: 0/0
  5272 | D:7      | Learned a level 4 spell: Animate Dead
  5273 | D:7      | Reached skill level 5 in Fighting
  5280 | D:7      | Killed Menkaure
  5281 | D:7      | Reached skill level 5 in Stealth
  5513 | D:7      | Reached skill level 5 in Spellcasting
  5524 | D:7      | Found a glowing silver altar of Zin.
  5601 | D:7      | Found a staircase to the Ecumenical Temple.
  5613 | Temple   | Entered the Ecumenical Temple
  5767 | D:8      | Found an opulent altar of Gozag.
  5767 | D:8      | Found a burning altar of Makhleb.
  5768 | D:8      | Found a blossoming altar of Fedhas.
  5772 | D:8      | Found a basalt altar of Yredelemnul.
  5830 | D:8      | Became a worshipper of Makhleb the Destroyer
  6550 | D:9      | Reached skill level 3 in Dodging
  6807 | D:9      | Reached XP level 10. HP: 76/76 MP: 0/0
  6854 | D:9      | Reached skill level 4 in Dodging
  6903 | D:9      | Reached * piety under Makhleb
  6939 | D:9      | Found an iron altar of Okawaru.
  7079 | D:9      | Reached skill level 5 in Dodging
  7312 | D:10     | Entered Level 10 of the Dungeon
  7393 | D:10     | Noticed a gargoyle
  7406 | D:10     | Killed a gargoyle
  7473 | D:10     | Reached skill level 6 in Dodging
  7722 | D:10     | Reached skill level 7 in Dodging
  7742 | D:10     | Found a staircase to the Lair.
  7865 | D:10     | Reached skill level 10 in Fighting
  7865 | D:10     | Reached XP level 11. HP: 85/85 MP: 0/0
  7865 | D:10     | Learned a level 4 spell: Animate Armour
  8131 | D:11     | Reached ** piety under Makhleb
  8132 | D:11     | Reached skill level 8 in Dodging
  8132 | D:11     | Reached skill level 1 in Evocations
  8135 | D:11     | Identified the +5 short sword of Wiexuas {flame, Int+3}
  8332 | D:11     | Noticed a two-headed ogre
  8340 | D:11     | Killed a two-headed ogre
  8369 | D:11     | Found a staircase to the Orcish Mines.
  8684 | D:11     | Noticed a skeletal warrior
  8684 | D:11     | Noticed a skeletal warrior
  8734 | D:11     | Killed a skeletal warrior
  8797 | D:11     | Killed a skeletal warrior
  8834 | D:11     | Noticed a skeletal warrior
  8842 | D:11     | Killed a skeletal warrior
  8843 | D:11     | Reached skill level 9 in Dodging
  9142 | D:11     | Found a runed translucent gate.
  9142 | D:11     | Found a runed translucent gate.
  9142 | D:11     | Found a runed translucent gate.
  9144 | D:11     | Noticed a 12-headed hydra
  9145 | D:11     | Noticed Dittersdorf's ghost (novice GrFi)
  9146 | D:11     | Noticed a 12-headed hydra
  9345 | Lair:1   | Entered Level 1 of the Lair of Beasts
  9431 | Lair:1   | Reached XP level 12. HP: 82/93 MP: 0/0
  9462 | Lair:1   | Reached *** piety under Makhleb
  9574 | Lair:1   | Noticed a seven-headed hydra
  9595 | Lair:1   | Killed a seven-headed hydra
  9680 | Lair:1   | Found a runed translucent door.
  9681 | Lair:1   | Noticed crescentfresh's ghost (journeyman OgWz)
  9787 | Lair:1   | Noticed a six-headed hydra
  9818 | Lair:1   | Killed a six-headed hydra
  9819 | Lair:1   | Reached skill level 5 in Evocations
 10177 | Lair:2   | Reached skill level 10 in Dodging
 10185 | Lair:2   | Noticed CowFu's ghost (journeyman OgBe)
 10321 | Lair:2   | Reached **** piety under Makhleb
 10436 | Lair:2   | Found a staircase to the Swamp.
 10647 | Lair:2   | Found a staircase to the Snake Pit.
 10891 | Lair:2   | Found a runed translucent gate.
 10891 | Lair:2   | Found a runed translucent gate.
 10891 | Lair:2   | Found a runed translucent gate.
 11055 | Lair:2   | Reached XP level 13. HP: 95/100 MP: 0/0
 11055 | Lair:2   | Learned a level 5 spell: Manifold Assault
 11520 | Lair:3   | Found a frozen archway.
 11557 | Lair:3   | Noticed a five-headed hydra
 11576 | Lair:3   | Killed a five-headed hydra
 11687 | IceCv    | Entered an ice cave
 11834 | IceCv    | Found the +2 Maxwell's thermic engine {flame, freeze}
 12040 | IceCv    | Reached ***** piety under Makhleb
 12748 | IceCv    | Found a viscous altar of Jiyva.
 12748 | IceCv    | Noticed an azure jelly
 12756 | IceCv    | Killed an azure jelly
 12761 | IceCv    | Noticed an azure jelly
 12772 | IceCv    | Killed an azure jelly
 12773 | IceCv    | Reached skill level 10 in Spellcasting
 12789 | IceCv    | Got the ring of Winter {rElec rC+ Int-2 Dex+3}
 12982 | Lair:3   | Found a blossoming altar of Fedhas.
 13083 | Lair:3   | Found a blossoming altar of Fedhas.
 13516 | Lair:3   | Reached XP level 14. HP: 89/107 MP: 0/0
 14052 | Lair:4   | Found a runed translucent door.
 14303 | Lair:4   | Noticed Snorg
 14320 | Lair:4   | Killed Snorg
 14493 | Lair:4   | Noticed Josephine
 14502 | Lair:4   | Killed Josephine
 14503 | Lair:4   | Reached skill level 11 in Dodging
 14615 | Lair:4   | Identified the +6 trident "Vemyt" {vorpal, Dex+4}
 14616 | Lair:4   | Noticed Luuqe's ghost (journeyman MfGl)
 15426 | Lair:5   | Found a staircase to the Slime Pits.
 15498 | Lair:5   | Found a viscous altar of Jiyva.
 15573 | Lair:6   | Entered Level 6 of the Lair of Beasts
 15620 | Lair:6   | Noticed Tiah's ghost (journeyman TrMo)
 16154 | Lair:6   | Reached skill level 12 in Dodging
 16456 | Lair:6   | Reached ****** piety under Makhleb
 16619 | Lair:6   | Reached XP level 15. HP: 116/116 MP: 0/0
 16619 | Lair:6   | Learned a level 6 spell: Iron Shot
 16746 | Lair:6   | Found a transporter.
 16756 | Lair:6   | Found a bloodstained altar of Trog.
 16767 | Lair:6   | Found a transporter.
 17551 | D:11     | Killed Dittersdorf's ghost
 17566 | D:11     | Identified the +10 long sword "Waoptock" {venom, Dex+3}
 17912 | D:2      | Killed Sigmund
 18147 | D:5      | Killed Crazy Yiuf
 18260 | D:6      | Killed Eustachio
 18500 | D:12     | Noticed Urug
 18505 | D:12     | Killed Urug
 18617 | D:12     | Found a gate leading to a gauntlet.
 18635 | Gauntlet | Entered a Gauntlet
 18635 | Gauntlet | Found a transporter.
 18635 | Gauntlet | Found a transporter.
 18637 | Gauntlet | Found a transporter.
 18637 | Gauntlet | Found a transporter.
 18643 | Gauntlet | Found a transporter.
 18659 | Gauntlet | Found a transporter.
 18661 | Gauntlet | Found a transporter.
 18705 | Gauntlet | Found a transporter.
 18708 | Gauntlet | Found a transporter.
 18708 | Gauntlet | Found a transporter.
 18723 | Gauntlet | Found a transporter.
 18739 | Gauntlet | Found a transporter.
 18763 | Gauntlet | Found a transporter.
 18767 | Gauntlet | Found a transporter.
 18929 | Gauntlet | Identified the amulet of Qidu {Reflect rF+ Will+ Int-5
                  | SH+5}
 18985 | Gauntlet | Reached skill level 13 in Dodging
 18999 | Gauntlet | Identified the +0 cloak of the Trombone {rPois rF++ rCorr
                  | MP-9}
 19507 | D:12     | Noticed Psyche
 19514 | D:12     | Killed Psyche
 20882 | D:14     | Found a gate to the Vaults.
 20908 | D:14     | Found a broken altar of Ashenzari.
 20945 | D:14     | Reached skill level 14 in Dodging
 20966 | D:14     | Reached XP level 16. HP: 107/124 MP: 0/0
 20995 | D:14     | Reached skill level 15 in Fighting
 21678 | D:15     | Entered Level 15 of the Dungeon
 21999 | D:15     | Found a sacrificial altar of Ru.
 22101 | D:15     | Found a staircase to the Depths.
 22132 | D:15     | Paralysed by an ogre mage for 3 turns
 22281 | D:15     | Reached skill level 15 in Dodging
 22376 | D:15     | Identified 2 scrolls of acquirement
 22378 | D:15     | Acquired 709 gold pieces
 22381 | D:15     | Acquired 535 gold pieces
 22762 | D:15     | Upgraded the game from 0.28-a0-620-g539b0f7ac7 to
                  | 0.28-a0-622-gbaef9634d7
 22858 | Orc:1    | Entered Level 1 of the Orcish Mines
 22897 | Orc:1    | Noticed Nergalle
 22916 | Orc:1    | Killed Nergalle
 23284 | Orc:2    | Entered Level 2 of the Orcish Mines
 23597 | Orc:2    | Reached XP level 17. HP: 133/133 MP: 0/0
 23597 | Orc:2    | Learned a level 7 spell: Ozocubu's Refrigeration
 23707 | Orc:2    | Found Kal Ysm's Weapon Shoppe.
 23715 | Orc:2    | Found Axithro's Book Emporium.
 23717 | Orc:2    | Found Ticeweek's Weapon Shop.
 23735 | Orc:2    | Found Wuseuf's Armour Emporium.
 23889 | Orc:2    | Found a staircase to the Elven Halls.
 23925 | Orc:2    | Found Nekojewn's Antique Weapon Emporium.
 24308 | Orc:2    | Bought a +2 kite shield of protection for 344 gold pieces
 24423 | Snake:1  | Entered Level 1 of the Snake Pit
 24776 | Snake:1  | Found Lesmucez's Weapon Boutique.
 24783 | Snake:1  | Found Obiem's Magic Scroll Emporium.
 24783 | Snake:1  | Found Vuguves's General Store.
 24785 | Snake:1  | Found Hioq's Antique Armour Emporium.
 24786 | Snake:1  | Found Honamax's Antique Armour Shoppe.
 25150 | Snake:1  | Found Guthreh's Book Boutique.
 25433 | Snake:2  | Found a runed translucent door.
 25434 | Snake:2  | Noticed Rennog's ghost (adept DrFi)
 25862 | Snake:2  | Reached skill level 15 in Spellcasting
 26321 | Snake:3  | Noticed Azrael
 26324 | Snake:3  | Killed Azrael
 26361 | Snake:3  | Reached XP level 18. HP: 139/139 MP: 0/0
 26383 | Snake:3  | Noticed Roxanne
 26388 | Snake:3  | Noticed Aizul
 26392 | Snake:3  | Killed Roxanne
 26401 | Snake:3  | Killed Aizul
 27506 | Snake:4  | Entered Level 4 of the Snake Pit
 28070 | Snake:4  | Reached XP level 19. HP: 143/145 MP: 0/0
 28070 | Snake:4  | Learned a level 7 spell: Haunt
 28076 | Snake:4  | Got a serpentine rune of Zot
 28737 | Swamp:1  | Entered Level 1 of the Swamp
 28893 | Swamp:1  | Acquired a manual of Dodging
 28984 | Swamp:1  | Identified the +1 robe of Optimism {Will+ Str+2}
 29135 | Swamp:2  | Noticed Jorgrun
 29139 | Swamp:2  | Killed Jorgrun
 29309 | Swamp:2  | Identified the +2 war axe of Integrity {distort, rF- Str+4
                  | Dex+4 Stlth+}
 29808 | Swamp:3  | Noticed Mlioglotl
 29843 | Swamp:3  | Noticed Bai Suzhen
 29850 | Swamp:3  | Killed Bai Suzhen
 30081 | Swamp:3  | Killed Mlioglotl
 30195 | Swamp:4  | Entered Level 4 of the Swamp
 30198 | Swamp:4  | Reached XP level 20. HP: 151/151 MP: 0/0
 30517 | Swamp:4  | Identified the +0 leather armour of Minor Irritation {Fly}
 30719 | Swamp:4  | Reached skill level 5 in Shields
 30780 | Swamp:4  | Got a decaying rune of Zot
 31197 | Vaults:1 | Entered Level 1 of the Vaults
 31246 | Vaults:1 | Found Rust's Distillery.
 31334 | Vaults:1 | Found a portal to a secret trove of treasure.
 31554 | Orc:2    | Bought the +5 gold dragon scales of Baldness {rElec rPois
                  | rF+ rC+ Str-5 Dex+5} for 1808 gold pieces
 31767 | Vaults:1 | You paid a toll of +5 gold dragon scales to enter a
                  | treasure trove
 31768 | Trove    | Entered a treasure trove
 31787 | Trove    | Identified the +4 quick blade of Ahenlapt {freeze, rCorr
                  | Dex+4}
 31794 | Trove    | Identified the +5 great sword of Valour {elec, rF+ Int+2
                  | Dex+3}
 31796 | Trove    | Identified the +4 short sword of Departure {flame, Str+4
                  | SInv}
 31823 | Trove    | Identified the +6 war axe "Ogre's Curse" {flame, rElec
                  | Will+ Int-2}
 31972 | Vaults:1 | Found a runed translucent door.
 31972 | Vaults:1 | Noticed Lolleill's ghost (adept DgTm)
 32471 | Vaults:1 | Reached XP level 21. HP: 157/157 MP: 0/0
 32471 | Vaults:1 | Learned a level 7 spell: Monstrous Menagerie
 32501 | Vaults:1 | Reached skill level 10 in Shields
 33090 | Vaults:1 | Killed Lolleill's ghost
 33552 | Vaults:2 | Found Vutaittuafo's Assorted Antiques.
 33556 | Vaults:2 | Bought a potion of heal wounds for 135 gold pieces
 33759 | Vaults:2 | Identified the +3 chain mail of Courage {Harm rCorr SInv}
 33942 | Vaults:3 | Found Raefirr's General Store.
 34457 | Vaults:3 | Identified the +7 trident of Nigaoriech {drain, rElec rC+
                  | Int-2}
 34550 | Vaults:3 | Reached skill level 15 in Shields
 34550 | Vaults:3 | Reached XP level 22. HP: 164/164 MP: 0/0
 34603 | Vaults:3 | Reached skill level 1 in Armour
 34666 | Vaults:3 | Reached skill level 16 in Dodging
 34780 | Vaults:3 | Found a staircase to the Crypt.
 34780 | Vaults:3 | Found a basalt altar of Yredelemnul.
 35354 | Vaults:4 | Reached skill level 17 in Dodging
 35602 | Vaults:4 | Reached skill level 5 in Armour
 36134 | Vaults:5 | Entered Level 5 of the Vaults
 36137 | Vaults:5 | Reached skill level 18 in Dodging
 36138 | Vaults:5 | Reached XP level 23. HP: 173/173 MP: 0/0
 36138 | Vaults:5 | Learned a level 8 spell: Disjunction
 36139 | Vaults:5 | Noticed an ancient lich
 36536 | Elf:1    | Entered Level 1 of the Elven Halls
 36571 | Elf:1    | Found Daang's General Store.
 36650 | Elf:1    | Found Bagac's Assorted Antiques.
 36653 | Elf:1    | Bought a potion of heal wounds for 140 gold pieces
 36893 | Elf:1    | Noticed Asterion
 36897 | Elf:1    | Killed Asterion
 36938 | Elf:1    | Reached skill level 19 in Dodging
 37187 | Elf:1    | Found Nuguv's Antique Armour Boutique.
 37195 | Elf:1    | Bought a fading scale mail for 234 gold pieces
 37195 | Elf:1    | Identified the +1 scale mail of Synwuaq {Will+} (You bought
                  | it in a shop on level 1 of the Elven Halls)
 37195 | Elf:1    | Bought a jewelled scale mail for 234 gold pieces
 37195 | Elf:1    | Identified the +0 scale mail of Cenaps {rC+ Dex+4} (You
                  | bought it in a shop on level 1 of the Elven Halls)
 37197 | Elf:1    | Bought a distressingly furry robe for 148 gold pieces
 37197 | Elf:1    | Identified the +2 robe of Salvation {Int+7} (You bought it
                  | in a shop on level 1 of the Elven Halls)
 37204 | Elf:1    | Found the +14 obsidian axe {vorpal, Mesm Drain Fly SInv}
 37217 | Elf:1    | Identified the ring of Bukkatik {Ice Fly Dex+5}
 37663 | Elf:1    | Upgraded the game from 0.28-a0-622-gbaef9634d7 to
                  | 0.28-a0-628-g3c9886e45e
 37699 | Elf:2    | Found Cealuuhi's Weapon Emporium.
 37848 | Elf:2    | Found Nined's Weapon Shoppe.
 37960 | Elf:2    | Found a huge runed translucent gate.
 37960 | Elf:2    | Found a huge runed translucent gate.
 37960 | Elf:2    | Found a huge runed translucent gate.
 38099 | Elf:2    | Found Caujet's Armour Shoppe.
 38237 | Elf:2    | Found a huge runed translucent gate.
 38238 | Elf:2    | Found a huge runed translucent gate.
 38317 | Elf:2    | Reached skill level 20 in Dodging
 38582 | Elf:3    | Entered Level 3 of the Elven Halls
 39052 | Elf:3    | Identified the +0 leather armour of a bailey {Harm}
 39053 | Elf:3    | Reached XP level 24. HP: 183/183 MP: 0/0
 39059 | Elf:3    | Reached skill level 10 in Armour
 39059 | Elf:3    | Reached skill level 21 in Dodging
 39129 | Elf:3    | Identified the amulet "Sic Wiloton" {Faith rF- MP+9 Str+4}
 39170 | Elf:3    | Identified the +5 demon blade "Deulin Taf" {flame, MP-9
                  | Int+9 Dex+2}
 39170 | Elf:3    | Identified the ring "Irump" {Dex+2 Slay+4 Stlth+}
 39180 | Elf:3    | Noticed Mara
 39185 | Elf:3    | Killed Mara
 39197 | Elf:3    | Identified the +9 hunting sling "Guanew" {vorpal, rPois
                  | rCorr Int-3 SInv}
 39209 | Elf:3    | Identified the +1 ring mail "Rupaz" {Int+4}
 39587 | Depths:1 | Entered Level 1 of the Depths
 40515 | Depths:2 | Reached skill level 22 in Dodging
 40614 | Depths:2 | Found a one-way gate to the infinite horrors of the Abyss.
 40633 | Depths:2 | Found a one-way gate leading to the halls of Pandemonium.
 40717 | Depths:2 | Found a glowing silver altar of Zin.
 40958 | Depths:2 | Reached XP level 25. HP: 178/193 MP: 0/0
 40958 | Depths:2 | Learned a level 8 spell: Borgnjor's Revivification
 41253 | Depths:2 | Found a gateway to Hell.
 41633 | Depths:3 | Found Oczeyn's Jewellery Boutique.
 41635 | Depths:3 | Found Honoe's Distillery.
 41637 | Depths:3 | Found Hahubad's General Store.
 41705 | Depths:3 | Bought a potion of heal wounds for 55 gold pieces
 41705 | Depths:3 | Bought a potion of brilliance for 44 gold pieces
 41705 | Depths:3 | Bought a potion of brilliance for 44 gold pieces
 41705 | Depths:3 | Bought a potion of brilliance for 44 gold pieces
 41726 | Depths:3 | Noticed a juggernaut
 41739 | Depths:3 | Killed a juggernaut
 41837 | Depths:3 | Identified the +1 whip of Wu Jian's Grace {elec, Fly rN++
                  | rCorr Str-5}
 41891 | Depths:3 | Found a glowing golden altar of the Shining One.
 42211 | Depths:3 | Reached skill level 23 in Dodging
 42277 | Depths:3 | Found Kockuil's Armour Shop.
 42285 | Depths:3 | Bought the +5 kite shield of Fortitude {Will+} for 673 gold
                  | pieces
 42315 | Depths:3 | Bought the +4 Cigotuvi's embrace {rMiasma Drain rN+} for
                  | 441 gold pieces
 42315 | Depths:3 | Found the +4 Cigotuvi's embrace {rMiasma Drain rN+}
 42742 | Depths:4 | Entered Level 4 of the Depths
 42962 | Depths:4 | Found a gateway to a ziggurat.
 43332 | Depths:4 | Found an opulent altar of Gozag.
 43348 | Depths:4 | Found Gozag's Platinum Reserve.
 43519 | Depths:4 | Found a gate to the Realm of Zot.
 43679 | Depths:4 | Found Nonwag's Book Shoppe.
 43679 | Depths:4 | Found Walis's Jewellery Shop.
 43680 | Depths:4 | Found Teoquc's Jewellery Shop.
 43689 | Depths:4 | Bought a ring of willpower for 475 gold pieces
 43689 | Depths:4 | Bought the ring "Joqan" {rPois Will+ Dex+6 SInv} for 1510
                  | gold pieces
 44050 | Vaults:5 | Noticed a dread lich
 44064 | Vaults:5 | Reached XP level 26. HP: 159/203 MP: 0/0
 44078 | Vaults:5 | Killed a dread lich
 44079 | Vaults:5 | Reached skill level 24 in Dodging
 44111 | Vaults:5 | Identified the +7 arbalest "Vuddovoqaph" {elec, rCorr}
 44212 | Vaults:5 | Identified the ring "Lellot" {Wiz *Corrode rN+ Stlth+}
 44232 | Vaults:5 | Noticed a dread lich
 44237 | Vaults:5 | Killed a dread lich
 44261 | Vaults:5 | Noticed an ancient lich
 44270 | Vaults:5 | Killed an ancient lich
 44696 | Vaults:5 | Identified the ring of the First Places {Dex+5 SInv}
 44700 | Vaults:5 | Identified the ring "Rugg" {Ice rN+ Will+ Slay-6}
 44706 | Vaults:5 | Reached skill level 25 in Dodging
 44808 | Vaults:5 | Killed an ancient lich
 44821 | Vaults:5 | Got a silver rune of Zot
 45277 | Vaults:5 | Identified the +2 dagger of Zeill {vorpal, Will+ rCorr}
 46114 | Zot:1    | Entered Level 1 of the Realm of Zot
 46117 | Zot:1    | Acquired a manual of Stealth
 46165 | Zot:2    | Noticed an orb of fire
 46168 | Zot:2    | Gained mutation: Your body sometimes deteriorates upon
                  | taking damage. [an orb of fire]
 46170 | Zot:2    | Gained mutation: Armour fits poorly on your strangely
                  | shaped body. [an orb of fire]
 46174 | Zot:2    | Killed an orb of fire
 46276 | Zot:4    | Reached XP level 27. HP: 211/213 MP: 0/0
 46276 | Zot:4    | Learned a level 9 spell: Dragon's Call
 46598 | Zot:5    | Entered Level 5 of the Realm of Zot
 46608 | Zot:5    | Noticed a Killer Klown
 46723 | Zot:5    | Killed a Killer Klown
 46736 | Zot:5    | Noticed an orb of fire
 46747 | Zot:5    | Killed an orb of fire
 47171 | Zot:5    | Noticed a dread lich
 47182 | Zot:5    | Killed a dread lich
 47258 | Zot:5    | Noticed a Killer Klown
 47259 | Zot:5    | Noticed a Killer Klown
 47260 | Zot:5    | Noticed an orb of fire
 47261 | Zot:5    | Noticed an orb of fire
 47261 | Zot:5    | Noticed an orb of fire
 47262 | Zot:5    | Noticed an orb of fire
 47263 | Zot:5    | Noticed an orb of fire
 47270 | Zot:5    | Noticed an ancient lich
 47270 | Zot:5    | Noticed an orb of fire
 47271 | Zot:5    | Noticed an orb of fire
 47271 | Zot:5    | Noticed an orb of fire
 47369 | Zot:5    | Noticed a Killer Klown
 47396 | Zot:5    | Killed a Killer Klown
 47415 | Zot:5    | Killed an orb of fire
 47530 | Zot:5    | Killed an orb of fire
 47573 | Zot:5    | Noticed a dread lich
 47580 | Zot:5    | Killed a dread lich
 47759 | Zot:5    | Killed an orb of fire
 47820 | Zot:5    | Noticed an orb of fire
 47825 | Zot:5    | Gained mutation: Your body often deteriorates upon taking
                  | damage. [an orb of fire]
 47827 | Zot:5    | Killed an orb of fire
 47829 | Zot:5    | Killed an ancient lich
 47833 | Zot:5    | Gained mutation: You tend to lose your temper in combat.
                  | [an orb of fire]
 47839 | Zot:5    | Killed an orb of fire
 47845 | Zot:5    | Killed an orb of fire
 47953 | Zot:5    | Killed a Killer Klown
 48015 | Zot:5    | Killed a Killer Klown
 48025 | Zot:5    | Killed an orb of fire
 48093 | Zot:5    | Gained mutation: You sometimes lose the ability to read
                  | scrolls when taking damage. [an orb of fire]
 48094 | Zot:5    | Killed an orb of fire
 48179 | Zot:5    | Gained mutation: You are weak. (Str -2) [an orb of fire]
 48182 | Zot:5    | Killed an orb of fire
 48414 | Zot:5    | Got the Orb of Zot
 49064 | D:$      | Escaped with the Orb!

Illustrated notes

Levels and vault maps discovered:
D:1:      psy_arrival_dodecagon, layout_rooms,
          hellmonk_ecumenical_altar_inner_sanctum, grunt_decor_clamped
D:2:      cheibrodos_old_hovel, layout_basic, kennysheep_generic_room_9,
          uniq_robin, uniq_jessica, uniq_sigmund
D:3:      layout_basic, nemelex_altar_shiori, uniq_ijyb
D:4:      layout_rooms, eat_drink_and_be_merry_uskayaw
D:5:      layout_loops_ring, mainiacjoe_overflow_catwalk_spiral,
          uniq_crazy_yiuf_cottage
D:6:      layout_cave_pools, uniq_eustachio
D:7:      layout_rooms, mainiacjoe_overflow_alcove_4,
          minmay_temple_entry_statues_pillars, minmay_crystal_room,
          worms_lemuel, uniq_menkaure
D:8:      layout_basic, grunt_temple_overflow_open
D:9:      layout_gridville, mainiacjoe_overflow_small_starburst
D:10:     layout_basic, minmay_lair_entry_grove
D:11:     old_forge, layout_loops_ring, orc_david_3, gammafunk_ghost_hydra_chop
D:12:     layout_long_grid, gauntlet_entry_generic, nicolae_underground_beach,
          uniq_urug, uniq_psyche
D:13:     layout_irregular_city
D:14:     layout_basic, lightli_vaults_fourway_checkpoint,
          cheibrodos_ashenzari_chains
D:15:     grunt_enter_depths_magical_seal, layout_basic,
          nicolae_ru_path_of_blood
Temple:   nicolae_temple_no_exploring_needed
Lair:1:   gammafunk_ghost_grave, layout_loops_ring
Lair:2:   layout_cave_pods, minmay_swamp_entry_worms,
          guppyfry_snake_entry_garden, gammafunk_ghost_icy,
          infiniplex_staircase_pool, grunt_megastairs_2
Lair:3:   layout_cave_pods, special_room [special_room_bee],
          portal_ice_cave_entry_imps, hangedman_tree_tricks,
          nicolae_lair_grove_arrangements, tgw_fedhas, serial_bayou_shore_b
Lair:4:   layout_loops_ring, ebering_ghost_funeral_grove,
          chequers_serial_rivers_small_3, uniq_snorg, uniq_josephine
Lair:5:   layout_cave_shapes, slime_altar_1, infiniplex_staircase_pool_2
Lair:6:   minmay_lair_end_enchanted_forest, layout_loops_ring,
          gammafunk_ghost_wrathful_warriors
Swamp:1:  layout_falls_marsh, evilmike_swamp_ruin_house_2
Swamp:2:  layout_basic_swamp, evilmike_swamp_ruin_house_4, swamp_pool5,
          uniq_jorgrun
Swamp:3:  layout_basic_swamp, evilmike_swamp_ruin_house_1, uniq_mlioglotl,
          uniq_bai_suzhen
Swamp:4:  swamp_basic_johnstein, layout_basic_swamp
Snake:1:  cheibrodos_snake_ritualist_ritual, layout_grid_maze, serial_shops,
          nicolae_shop_stone, eino_curves_03, nicolae_take_the_stairs,
          minmay_shoptagon, serial_bayou_shore_b
Snake:2:  layout_grid_shapes, ebering_ghost_inner_flame, special_room,
          serial_bayou_pond_d
Snake:3:  layout_cave_town, uniq_roxanne, uniq_azrael, uniq_aizul
Snake:4:  snake_pit_salamanders_mu, layout_basic, serial_bayou_shore_a
Orc:1:    layout_diamond_mine, uniq_nergalle
Orc:2:    st_orc_open, layout_caves, serial_shops, nicolae_shop_statue_plus,
          basic_altar
Elf:1:    elf_arrival_001, layout_onion_city, serial_shops,
          nicolae_shop_behind_doors, shop, shop_statue, minmay_elf_necromancy,
          minivault_15, corner_web_ring, uniq_asterion
Elf:2:    elven_hall_of_blades_hangedman_alternative [mumra_blade_entry_dagger],
          layout_gridlike, serial_shops, nicolae_stop_n_shop_1,
          nicolae_shop_trees, nicolae_stop_n_shop_2
Elf:3:    grunt_elf_hall_asides, layout_rooms, drop_trap, uniq_mara
Vaults:1: hellmonk_ghost_happy_afterlife, hangedman_vaults_trim, st_eye,
          nicolae_vaults_mini_display_case, nicolae_vaults_specimen_jars,
          grunt_vaults_hallway_short, nicolae_vaults_alarming,
          layout_vaults_chaotic_city, serial_shops, shop, enter_trove_0
Vaults:2: st_cross, v_misc_4, ontoclasm_vaults_loading_screen, v_misc_28,
          vaults_room_corners, vaults_room_ringed_pool,
          nicolae_vaults_triangles, nicolae_vaults_theta,
          nicolae_vaults_network_s, v_pattern_2,
          ontoclasm_vaults_loading_screen, layout_vaults_omnibox, serial_shops,
          shop, serial_glass
Vaults:3: nicolae_vaults_meeting, grunt_vaults_trifunnel, vaults_dpeg_ring,
          hangedman_vaults_nodes, minmay_crypt_entry_necro_gods, v_pattern_3,
          v_misc_3, ontoclasm_vaults_loading_screen, v_misc_30, v_misc_8,
          ontoclasm_vaults_chip, vaults_dpeg_diagonal, layout_vaults_ring,
          serial_shops, shop
Vaults:4: ontoclasm_vaults_decontamination, grunt_vaults_hallway_short,
          v_alt_pattern_6, nicolae_vaults_ninety_degrees,
          nicolae_vaults_network_barrier, v_misc_15, hangedman_vaults_stream,
          v_alt_pattern_4, v_misc_2, hangedman_vaults_impose,
          vaults_room_hallway, ontoclasm_vaults_fault, layout_vaults_omnicross
Vaults:5
Depths:1: layout_honeycomb, hex_tiny, hell_entry, hangedman_decor_slide_cut,
          drop_trap, lemuel_flamethrower_2, serial_bayou_shore_b
Depths:2: evilmike_silver_temple, layout_gridville, grunt_pan_entry_spiral,
          minmay_crystal_water, abyss_entry, hell_entry,
          onia_ninara_dug_in_and_dangerous, minmay_staircase_bubble,
          serial_bayou_shore_b
Depths:3: minmay_ambush_box, layout_gridlike, grunt_hell_entry_dis_grunt,
          basic_altar, minmay_room_of_horrors, serial_shops, shop,
          minmay_fire_ice_demons, minmay_staircase_windowed_large,
          minmay_shop_star
Depths:4: evilmike_zot_entry_diamond, layout_honeycomb, enter_ziggurat_d,
          pf_coc_iceberg, abyss_entry_crystal, nicolae_gozag_zags_fifth_avenue,
          st_stairs_14, grunt_megastairs_1, minmay_shop_grove,
          serial_bayou_shore_b
Zot:1:    layout_gridlike
Zot:2:    layout_gridlike, st_stairs_4
Zot:3:    lemuel_halls_of_wrath, layout_basic, st_stairs_1, grunt_ministairs_6
Zot:4:    layout_onion_interference, st_stairs_1
Zot:5:    layout_basic

Skill      XL: |  1  2  3  4  5  6  7  8  9 10 11 12 13 14 15 16 17 18 19 20 21 22 23 24 25 26 27 |
---------------+----------------------------------------------------------------------------------+-----
Short Blades   | 2 3 4 |  4.5
Fighting       | 1 2 3 4 7 10 11 12 13 14 16 17 18 19 21 22 | 22.6
Shields        | 2 3 4 9 15 | 15.0
Spellcasting   | 3 4 5 6 7 10 11 12 13 15 17 19 20 23 | 23.1
Stealth        | 3 4 5 6 7 8 |  8.0
Dodging        | 3 7 9 10 12 14 15 18 20 22 23 25 | 25.2
Evocations     | 4 5 |  5.0
Armour         | 7 9 12 | 12.0

Action                   |  1- 3 |  4- 6 |  7- 9 | 10-12 | 13-15 | 16-18 | 19-21 | 22-24 | 25-27 || total
-------------------------+-------+-------+-------+-------+-------+-------+-------+-------+-------++-------
Melee: Dagger            |    39 |   302 |   227 |     9 |     4 |       |       |       |       ||   581
       Short sword       |       |       |    58 |       |       |       |       |       |       ||    58
       Whip              |       |       |    95 |   411 |   704 |       |       |       |       ||  1210
       Double sword      |       |       |       |       |    97 |       |       |       |       ||    97
       Long sword        |       |       |       |       |    98 |    22 |       |       |       ||   120
       Staff             |       |       |       |       |     3 |     7 |     3 |     1 |     1 ||    15
 Fire: Hunting sling     |       |     3 |       |       |       |       |       |       |       ||     3
 Cast: Ensorcelled Hiber |    15 |    70 |    73 |    12 |     2 |       |       |       |       ||   172
       Slow              |       |     2 |     2 |     4 |     1 |       |       |       |       ||     9
       Dazzling Flash    |       |       |     3 |     1 |     7 |       |       |       |       ||    11
       Lesser Beckoning  |       |       |     1 |     1 |       |     4 |       |       |       ||     6
       Tukima's Dance    |       |       |     1 |     4 |       |       |       |       |       ||     5
       Animate Armour    |       |       |       |    21 |    50 |     2 |       |       |       ||    73
       Animate Dead      |       |       |       |     2 |       |       |       |       |       ||     2
       Manifold Assault  |       |       |       |       |   186 |     9 |       |       |       ||   195
       Iron Shot         |       |       |       |       |   165 |   431 |   166 |   345 |   548 ||  1655
       Ozocubu's Refrige |       |       |       |       |       |   109 |   274 |   187 |   147 ||   717
       Disjunction       |       |       |       |       |       |       |       |       |     1 ||     1
       Dragon's Call     |       |       |       |       |       |       |       |       |     7 ||     7
Evoke: Wand              |       |       |     3 |     3 |     2 |     1 |       |       |     3 ||    12
  Use: Scroll            |       |       |    13 |     6 |     5 |     6 |     3 |     3 |    14 ||    50
       Potion            |       |       |     2 |       |     3 |     2 |       |       |     3 ||    10
 Stab: Sleeping          |    14 |    47 |    39 |    20 |    13 |       |       |       |       ||   133
       Paralysed         |       |       |     3 |       |     1 |       |       |       |       ||     4
       Invisible         |       |       |     2 |       |     6 |       |       |       |       ||     8
       Distracted        |       |       |       |     4 |    16 |       |       |       |       ||    20
Armor: Robe              |     8 |    95 |   120 |    14 |       |       |       |       |       ||   237
       Steam dragon scal |       |       |       |   126 |   215 |    65 |    18 |     2 |       ||   426
       Troll leather arm |       |       |       |       |       |       |       |    11 |     5 ||    16
       Leather armour    |       |       |       |       |       |       |       |       |    25 ||    25
Dodge: Dodged            |    29 |   131 |   173 |   287 |   691 |   197 |    72 |    84 |   202 ||  1866
Block: Buckler           |     1 |    65 |    73 |   120 |   200 |    47 |     8 |       |       ||   514
       Kite shield       |       |       |       |       |       |       |    30 |    87 |   147 ||   264

Table legend: (Time is in decaauts)
 A = Elapsed time spent in this place.
 B = Non-inter-level travel time spent in this place.
 C = Inter-level travel time spent in this place.
 D = Time resting spent in this place.
 E = Time spent auto-exploring this place.
 F = Levels seen in this place.
 G = Mean time per level.
                   A        B        C        D        E       F      G
               +--------+--------+--------+--------+--------+-----+--------+
         Total |  49246 |  44393 |   4853 |   3223 |  22741 |  52 |  947.0 |
       Dungeon |  15499 |  13193 |   2306 |    579 |   7232 |  15 | 1033.3 |
        Temple |      1 |      1 |      0 |      0 |      0 |   1 |    1.0 |
          Lair |   7140 |   6696 |    444 |    359 |   3795 |   6 | 1190.0 |
         Swamp |   2292 |   2147 |    145 |    192 |    999 |   4 |  573.0 |
     Snake Pit |   4250 |   3980 |    270 |    422 |   2176 |   4 | 1062.5 |
  Orcish Mines |   1676 |   1408 |    268 |    238 |    345 |   2 |  838.0 |
   Elven Halls |   3262 |   2857 |    405 |     13 |   1799 |   3 | 1087.3 |
        Vaults |   6351 |   5729 |    622 |    363 |   3353 |   5 | 1270.2 |
        Depths |   4511 |   4148 |    363 |    137 |   2723 |   4 | 1127.8 |
           Zot |   2443 |   2418 |     25 |    551 |    198 |   5 |  488.6 |
         Trove |    128 |    128 |      0 |      0 |     17 |   1 |  128.0 |
      Ice Cave |   1197 |   1197 |      0 |    363 |     43 |   1 | 1197.0 |
      Gauntlet |    491 |    491 |      0 |      6 |     61 |   1 |  491.0 |
               +--------+--------+--------+--------+--------+-----+--------+

Top non-repeatable levels by time:
  Lair:6: 1757 daAuts
   Zot:5: 1751 daAuts
    D:11: 1700 daAuts
Vaults:1: 1622 daAuts
  Lair:3: 1594 daAuts
Vaults:4: 1424 daAuts
   Elf:1: 1401 daAuts
  Lair:2: 1379 daAuts
Depths:3: 1364 daAuts
     D:3: 1363 daAuts
Vaults:5: 1283 daAuts
    D:15: 1244 daAuts
 Snake:3: 1209 daAuts
   IceCv: 1197 daAuts
Depths:2: 1195 daAuts
